 Dungeon Crawl Stone Soup version bcrawl-1.19-7-g22fd707d3b (webtiles) character file.

Game seed: 18428436074977274904

5616 Mrkan the Grappler (level 10, 0/102 HPs)
             Began as a Troll Hunter on Nov 16, 2019.
             Was an Elder of Makhleb.
             Succumbed to kobold's curare-tipped needle
             ... on level 8 of the Dungeon.
             The game lasted 00:14:28 (7163 turns).

Mrkan the Grappler (Troll Hunter)                   Turns: 7163, Time: 00:14:28

Health: 0/102      AC: 12    Str: 22    XL:     10   Next: 45%
Magic:  11/11      EV: 10    Int: 11    God:    Makhleb [****..]
Gold:   240        SH:  0    Dex: 10    Spells: 9/9 levels left

rFire    . . .     SeeInvis .     - Unarmed
rCold    . . .     Gourm    +   (no shield)
rNeg     . . .     Faith    .   (armour unavailable)
rPois    .         Spirit   .   (helmet restricted)
rElec    .         Reflect  .   j - +1 cloak
rCorr    .         Harm     .   (gloves unavailable)
MR       .....                  (boots unavailable)
Stlth    +.........             (no amulet)
HPRegen  0.67/turn              B - +2 ring of protection
MPRegen  0.12/turn              (no ring)

@: lethally poisoned (0 -> -36), slowed, very slow
A: large, almost no armour, unfitting armour, claws 3, fast metabolism 3,
gourmand, regeneration 1, AC +8
a: Minor Destruction, Lesser Servant of Makhleb, Major Destruction, Renounce
Religion


You were on level 8 of the Dungeon.
You worshipped Makhleb.
Makhleb was greatly pleased with you.
You were not hungry.

You visited 1 branch of the dungeon, and saw 8 of its levels.
You also visited: Sewer.

You collected 390 gold pieces.
You spent 150 gold pieces at shops.

Inventory:

Missiles
 b - 117 large rocks (quivered)
 c - 2 throwing nets {!f}
 h - 77 poisoned tomahawks
 p - 50 javelins
 w - 386 tomahawks
Armour
 j - a +1 cloak (worn)
Jewellery
 B - a +2 ring of protection (left claw)
Wands
 e - a wand of paralysis (5)
Scrolls
 a - 3 scrolls of magic mapping {unknown}
 f - 3 scrolls of blinking
 i - 2 scrolls of teleportation
 k - 2 scrolls of remove curse
 u - 2 scrolls of fog {unknown}
 y - 2 scrolls of enchant armour
 z - 2 scrolls of fear
 A - 2 scrolls of amnesia
Potions
 g - 2 potions of flight
 l - 2 potions of lignification {unknown}
 m - 2 potions of haste
 n - 2 potions of berserk rage
 o - 5 potions of heal wounds
 q - a potion of mutation {unknown}
 r - 3 potions of curing
 s - 2 potions of magic {unknown}
 t - 4 potions of might
 v - 3 potions of brilliance
 x - a potion of invisibility {unknown}
Comestibles
 d - 16 rations {!d}


   Skills:
 + Level 7.1 Fighting
 + Level 6.9 Throwing
 - Level 1.5 Dodging
 - Level 0.4 Stealth
 - Level 11.0 Unarmed Combat
 * Level 3.4 Invocations


You had 9 spell levels left.
You didn't know any spells.
Your spell library contained the following spells:

 Spells                   Type           Power        Failure   Level  Hunger
 Animate Skeleton         Necr           N/A          34%         1    ##.....
 Magic Dart               Conj           #...         34%         1    ##.....
 Pain                     Necr           #.....       34%         1    ##.....
 Blink                    Tloc           N/A          47%         2    ###....
 Call Imp                 Summ           #.....       47%         2    ###....
 Conjure Flame            Conj/Fire      #.......     71%         3    ####...
 Mephitic Cloud           Conj/Pois/Air  #.......     71%         3    ####...
 Regeneration             Chrm/Necr      #.........   71%         3    ####...
 Spider Form              Tmut/Pois      #..          71%         3    ####...
 Vampiric Draining        Necr           #.........   71%         3    ####...
 Animate Dead             Necr           N/A          98%         4    #####..
 Bolt of Draining         Conj/Necr      #.........   100%        5    ######.


Dungeon Overview and Level Annotations

Branches:
Dungeon (8/12)             Temple (0/1) D:5
   Lair: D:7-9          Orc: D:8-11

Altars:
Dithmenos
Makhleb
Okawaru
Wu Jian
Xom

Shops:
D:4 !   D:6 (   D:7 =


Innate Abilities, Weirdness & Mutations

You cannot wear most types of armour.
Your thick skin is tough. (AC +8)
You are too large for most types of armour.
You have claws for hands.
Your metabolism is lightning-fast.
You like to eat raw meat.
Your natural rate of healing is unusually fast.


Message History

The kobold shoots a poisoned needle.
The poisoned needle closely misses you.
The kobold shoots a poisoned needle.
The poisoned needle closely misses you.
* * * LOW HITPOINT WARNING * * *
You feel extremely sick.
The kobold unwields a +0 blowgun.
The kobold completely misses you.
The kobold shoots a curare-tipped needle.
The curare-tipped needle hits you.
You are more poisoned.
You have difficulty breathing.
* * * LOW HITPOINT WARNING * * *
You feel as though you will be slow longer.
* * * LOW HITPOINT WARNING * * *
You feel very sick.
The kobold unwields a +0 blowgun.
The kobold wields a +0 club.
The kobold barely misses you.
The kobold unwields a +0 blowgun.
The kobold wields a +0 dagger.
The kobold closely misses you. The kobold barely misses you.
You scratch the kobold.
The kobold is moderately wounded.
You die...

............##.....# ######
............##.....# #.....
............(##.#### #.[...
...........#)##.# #.....
...........#)##†# #.....
...........#.##)# #.....
...............# #.....
.........#K.#'########.....
........#@K...............
.......#.K...............
..... #.................
#### #.............####
#.............# #
#.............# #
#.............# #
#.............# #
#...>.........# #


You could see 3 kobolds.

Vanquished Creatures
  An ugly thing (D:6)
  Joseph (D:8)
  2 centaur zombies (D:7)
  2 hungry ghosts
  A soldier ant (D:8)
  2 orc warriors
  3 phantoms
  2 sky beasts (D:6)
  4 centaurs
  6 ogres
  3 big kobolds
  A bullfrog (D:7)
  A water moccasin zombie (D:6)
  5 scorpions
  10 killer bees (D:8)
  6 wights (D:6)
  3 crimson imps
  4 jellies
  4 orc priests
  2 hounds
  2 iguanas
  8 orc wizards
  2 worker ants
  A hound zombie (D:7)
  2 hound skeletons
  2 worker ant zombies
  4 gnolls (D:7)
  13 adders
  7 river rats
  A shadow imp (D:5)
  4 oozes
  3 adder skeletons
  11 worms
  2 dart slugs
  2 leopard geckos
  28 orcs
  5 ball pythons
  5 bats
  7 hobgoblins
  6 jackals
  5 quokkas
  2 frilled lizards (D:2)
  7 goblins
  14 kobolds
  A leopard gecko skeleton (D:4)
  4 rats
211 creatures vanquished.

Notes
Turn   | Place    | Note
-------+----------+-------------------------------------------
     0 | D:1      | Mrkan the Troll Hunter began the quest for the Orb.
     0 | D:1      | Reached XP level 1. HP: 19/19 MP: 0/0
   116 | D:1      | Reached skill level 1 in Unarmed Combat
   457 | D:1      | Reached XP level 2. HP: 28/28 MP: 1/1
   637 | D:1      | Reached skill level 2 in Unarmed Combat
   997 | D:2      | Reached XP level 3. HP: 34/35 MP: 2/2
  1749 | D:3      | Noticed an ogre
  1758 | D:3      | Killed an ogre
  1758 | D:3      | Reached skill level 3 in Unarmed Combat
  1758 | D:3      | Gained mutation: Your natural rate of healing is unusually
                  | fast. [Troll growth]
  1758 | D:3      | Reached XP level 4. HP: 37/44 MP: 3/3
  1780 | D:3      | Reached XP level 5. HP: 50/50 MP: 4/4
  1865 | D:3      | Found an ornate altar of the Wu Jian Council.
  2046 | D:3      | Found a burning altar of Makhleb.
  2054 | D:3      | Reached skill level 4 in Unarmed Combat
  2065 | D:3      | Became a worshipper of Makhleb the Destroyer
  2195 | D:3      | Found a shadowy altar of Dithmenos.
  2464 | D:4      | Found Xamokan's Distillery.
  2592 | D:4      | Reached XP level 6. HP: 60/61 MP: 5/5
  3080 | D:5      | Entered Level 5 of the Dungeon
  3083 | D:5      | Reached * piety under Makhleb
  3083 | D:5      | Reached skill level 5 in Unarmed Combat
  3215 | D:5      | Reached XP level 7. HP: 43/68 MP: 6/6
  3222 | D:5      | Reached skill level 6 in Unarmed Combat
  3369 | D:5      | Found a glowing drain.
  3377 | Sewer    | Entered a sewer
  3434 | Sewer    | Reached ** piety under Makhleb
  3715 | D:5      | Reached skill level 7 in Unarmed Combat
  3755 | D:5      | Noticed a hungry ghost
  3767 | D:5      | Killed a hungry ghost
  3799 | D:5      | Reached XP level 8. HP: 74/79 MP: 7/7
  3910 | D:5      | HP: 2/79 [orc priest/divine providence (13)]
  3914 | D:5      | Reached skill level 8 in Unarmed Combat
  3917 | D:5      | Reached skill level 5 in Fighting
  4313 | D:5      | Found a staircase to the Ecumenical Temple.
  4384 | D:6      | Noticed a green ugly thing
  4394 | D:6      | Killed a green ugly thing
  4489 | D:6      | Found Ipton's Antique Weapon Shoppe.
  4584 | D:6      | Reached skill level 9 in Unarmed Combat
  4685 | D:6      | Reached XP level 9. HP: 87/88 MP: 8/8
  4709 | D:6      | Found a shimmering altar of Xom.
  4711 | D:6      | Found a shimmering altar of Xom.
  4711 | D:6      | Found a shimmering altar of Xom.
  4715 | D:6      | Found a shimmering altar of Xom.
  4786 | D:6      | Reached skill level 5 in Throwing
  4895 | D:6      | Reached *** piety under Makhleb
  4946 | D:6      | Found an iron altar of Okawaru.
  5677 | D:7      | Reached skill level 10 in Unarmed Combat
  5846 | D:7      | Found Qiaduyx's Jewellery Boutique.
  6398 | D:7      | Reached XP level 10. HP: 94/100 MP: 9/9
  6537 | D:7      | Bought a +2 ring of protection for 150 gold pieces
  6690 | D:8      | Reached skill level 11 in Unarmed Combat
  6701 | D:8      | Reached **** piety under Makhleb
  6780 | D:8      | Reached skill level 1 in Invocations
  7039 | D:8      | Noticed Joseph
  7057 | D:8      | Killed Joseph
  7162 | D:8      | HP: 4/102 [poisoned by kobold (curare-tipped needle)]
  7163 | D:8      | Succumbed to kobold's curare-tipped needle

Skill      XL: |  1  2  3  4  5  6  7  8  9 10 |
---------------+-------------------------------+-----
Unarmed Combat | 1 2 3 4 5 7 9 10 11 | 11.0
Fighting       | 2 3 4 5 6 7 |  7.1
Throwing       | 4 6 |  6.9
Invocations    | 3 |  3.4
Dodging        | |  1.5
Stealth        | |  0.4

Action                   |  1- 3 |  4- 6 |  7- 9 | 10-12 || total
-------------------------+-------+-------+-------+-------++-------
Melee: Unarmed           |    91 |   122 |   370 |   115 ||   698
       Punch             |     2 |       |    16 |     5 ||    23
Throw: Large rock        |       |       |     3 |       ||     3
  Use: Scroll            |       |     9 |     5 |       ||    14
       Potion            |       |       |     1 |       ||     1
 Stab: Sleeping          |       |     1 |       |       ||     1
  Eat: Chunk             |    16 |     7 |    29 |     8 ||    60
Armor: Skin              |    38 |    46 |   130 |    72 ||   286
Dodge: Dodged            |    46 |    42 |   160 |    97 ||   345
